 Dungeon Crawl Stone Soup version 0.21.1-1-g345015f (webtiles) character file.

193401 xccam the Warrior (level 17, -3/195 HPs)
             Began as a Green Draconian Berserker on Feb 14, 2018.
             Was a High Priest of Trog.
             Slain by a faun
             ... wielding a +1 quarterstaff of draining
              (7 damage)
             ... on level 2 of the Shoals.
             The game lasted 01:50:58 (40263 turns).

xccam the Warrior (Green Draconian Berserker)      Turns: 40263, Time: 01:51:00

Health: -3/195     AC: 16    Str: 27    XL:     17   Next: 64%
Magic:  17/17      EV: 32    Int:  8    God:    Trog [*****.]
Gold:   2811       SH:  0    Dex: 23    Spells: 16/16 levels left

rFire    . . .     SeeInvis .   S - +1 morningstar of the Nexus {crush, rC+ Dex+3}
rCold    + . .     Gourm    .   g - +0 large shield
rNeg     . . .     Faith    .   (armour unavailable)
rPois    +         Spirit   .   (helmet restricted)
rElec    .         Reflect  .   U - +0 cloak (curse)
rCorr    .         Harm     .   q - +2 pair of gloves
MR       +....                  v - +0 pair of boots
Stlth    +.........             (no amulet)
HPRegen  0.42/turn              i - +2 ring of protection
MPRegen  0.15/turn              M - +3 ring of evasion

@: confused, mighty, agile, berserk cooldown, slowed, glowing, heavily drained,
very slow
A: breathe noxious fumes, unfitting armour, stinger 1, poison resistance, robust
2, cold-blooded, AC +9
}: 1/15 runes: serpentine
a: Breathe Noxious Fumes, Berserk, Trog's Hand, Brothers in Arms, Burn
Spellbooks, Renounce Religion


You were on level 2 of the Shoals.
You worshipped Trog.
Trog was extremely pleased with you.
You were near starving.

You visited 5 branches of the dungeon, and saw 29 of its levels.

You collected 2811 gold pieces.

Inventory:

Hand Weapons
 e - a +2 vampiric whip
 o - a +0 eveningstar of protection
 G - a +3 antimagic morningstar
 S - the +1 morningstar of the Nexus (weapon) {crush, rC+ Dex+3}
   (Trog gifted it to you on level 4 of the Snake Pit)

   It inflicts extra damage upon your enemies.
   It affects your dexterity (+3).
   It protects you from cold.
Missiles
 t - 4 silver javelins (quivered)
 I - 5 javelins of penetration
Armour
 g - a +0 large shield (worn)
 q - a +2 pair of gloves (worn)
 v - a +0 pair of boots (worn)
 O - a +0 shield of protection
 U - a cursed +0 cloak (worn)
Jewellery
 i - a +2 ring of protection (left hand)
 l - a +3 ring of dexterity
 m - a cursed -2 ring of dexterity
 L - an uncursed ring of flight
 M - a +3 ring of evasion (right hand)
 N - an uncursed ring of protection from magic
 T - an uncursed amulet of faith {unknown}
 W - an uncursed ring of see invisible {unknown}
Wands
 k - a wand of flame (87)
 p - a wand of paralysis (22)
 w - a wand of scattershot (3)
 A - a wand of digging (18)
 B - a wand of clouds (12)
 C - a wand of iceblast (35)
 F - a wand of acid (15)
Scrolls
 a - 4 scrolls of fog
 c - 12 scrolls of identify
 d - 12 scrolls of remove curse
 f - a scroll of holy word
 r - 3 scrolls of magic mapping
 s - 2 scrolls of teleportation
 z - 3 scrolls of enchant armour
 D - 2 scrolls of blinking
 K - 2 scrolls of fear
Potions
 h - 4 potions of flight
 j - 4 potions of resistance
 E - 4 potions of berserk rage
 J - 3 potions of haste
 R - a potion of might
Comestibles
 b - 21 rations


   Skills:
 + Level 18.0(15.9) Fighting
 - Level 12.6(10.7) Maces & Flails
 * Level 16.7(14.6) Dodging
 - Level 16.0(13.9) Shields


You had 16 spell levels left.
You didn't know any spells.

Dungeon Overview and Level Annotations

Branches:
Dungeon (15/15)            Temple (0/1) D:4            Lair (6/6) D:9
 Shoals (2/4) Lair:3        Snake (4/4) Lair:2        Slime (0/5) Lair:6
    Orc (2/2) D:9             Elf (0/3) Orc:2        Vaults (0/5) D:14
 Depths (0/5) D:15

Altars:
Dithmenos
Fedhas
Okawaru
Ru
Sif Muna
Trog
Vehumet
Wu Jian
Xom
Yredelemnul
Zin
The Shining One
Beogh

Shops:
D:6 (   Orc:2 =([*=

Annotations:
Lair:2 exclusion: 2 oklob plants


Innate Abilities, Weirdness & Mutations

You can breathe blasts of noxious fumes.
Your lurid green scales are hard. (AC +9)
You cannot fit into any form of body armour.
Your tail ends in a poisonous barb.
Your system is resistant to poisons. (rPois)
You are cold-blooded and may be slowed by cold attacks.
You are very robust. (+20% HP)


Message History

Unknown command.
The faun unwields an uncursed spear.
The faun wields an uncursed hunting sling.
The faun shoots a stone.
The stone completely misses you.
You hear a splash.
The faun points at you and mumbles some strange words.
You are outlined in light.
The faun unwields an uncursed hunting sling.
The faun wields an uncursed quarterstaff of draining.
You sense an unholy aura.
The faun closely misses you.
The faun shoots a stone.
The stone barely misses you.
You hear a splash.
You see here a stone.
You sock the faun!
The faun is moderately wounded.
The faun closely misses you.
The faun shoots a stone.
The stone completely misses you.
You hear a splash.
The faun hits you with an uncursed quarterstaff of draining!
You die...

≈≈≈≈≈≈≈≈≈≈≈≈≈≈≈≈≈≈≈≈≈≈≈≈≈≈≈
≈≈≈≈≈≈≈≈≈≈≈≈≈≈≈≈≈≈≈≈≈≈≈≈≈≈≈
.≈≈≈≈≈≈≈≈≈≈≈≈≈≈≈≈≈≈≈≈≈≈≈≈≈≈
..≈≈≈≈≈≈≈≈≈≈≈≈≈≈≈≈≈≈≈≈≈≈≈≈≈
..≈≈≈≈≈≈≈.....≈≈≈≈≈≈≈≈≈≈≈≈≈
..≈≈≈≈≈≈..##..((≈≈≈≈≈≈≈≈≈≈≈
..≈≈≈≈≈≈....≈≈(≈≈≈≈≈≈≈≈≈≈≈≈
≈≈≈≈≈≈≈≈....≈≈≈(≈≈≈≈≈≈≈≈≈≈≈
≈≈≈≈≈≈≈..)@.....≈≈≈≈≈≈≈≈≈≈≈
≈≈≈≈≈≈≈.cc).#.....≈≈≈≈≈≈≈≈(
≈≈≈≈≈≈≈............≈≈≈≈≈≈(.
≈≈≈≈≈≈..##..........≈.≈≈≈..
≈≈≈≈≈≈..###.##.(.##........
≈≈≈≈≈≈<.###.###..###..#####
≈≈≈≈≈≈≈.....# #.<(((..#
≈≈≈≈≈≈≈...### ##...≈.(#####
≈≈≈≈≈≈≈≈..#####....≈≈≈....#


You could see 2 fauns.

Vanquished Creatures
  Saint Roka (Orc:2)
  Rupert (Lair:3)
  Kirke (D:14)
  An orc warlord (Orc:1)
  8 nagarajas (Snake:4)
  The ghost of Curus the Impaler, a journeyman MfGl of Okawaru (Lair:5)
  Nessos (Orc:2)
  Snorg (D:11)
  A merfolk javelineer (Shoals:2)
  An ogre mage (D:15)
  A merfolk impaler (Shoals:1)
  3 vault guards (D:14)
  Josephine (Orc:1)
  The ghost of Autsider the Thaumaturge, a journeyman DrCj of Vehumet (D:10)
  Harold (D:12)
  A catoblepas (Lair:6)
  9 naga warriors
  5 centaur warriors
  3 hydras
  10 anacondas
  5 two-headed ogres
  A death knight (D:14)
  A satyr (Shoals:2)
  3 merfolk avatars (Shoals:2)
  4 death yaks (Lair:6)
  A deep troll shaman (Lair:6)
  Urug (D:10)
  The ghost of Lapis the Digger, a novice NaEE of Cheibriados (D:7)
  3 orc high priests
  7 naga sharpshooters
  8 shock serpents
  Sonja (D:15)
  The ghost of tidbits the Martial Artist, a novice GnTm of Cheibriados (D:11)
  4 skeletal warriors (D:13)
  4 unseen horrors
  13 naga ritualists
  4 sea snakes
  3 wizards (D:15)
  A deep elf archer (D:14)
  A wolf spider zombie (D:7)
  3 harpies (Shoals:1)
  4 salamanders
  5 orc sorcerers
  9 mana vipers
  3 deep elf magi
  4 orc knights (Orc:2)
  A wolf spider (D:14)
  5 manticores
  13 fauns
  4 cyclopes
  9 ugly things
  4 elephants (Lair:6)
  3 merfolk sirens
  40 black mambas
  A water nymph (Shoals:2)
  A guardian serpent (Snake:3)
  18 naga magi
  11 spiny frogs
  2 kobold demonologists (D:12)
  5 yaktaurs (D:15)
  10 komodo dragons
  3 rime drakes
  10 merfolk
  10 trolls
  5 polar bears
  2 hornets
  A wind drake (Shoals:2)
  7 blink frogs (Lair:6)
  18 dream sheep
  12 hippogriffs
  8 slime creatures
  2 water elementals (Shoals:1)
  6 wraiths
  A vampire (D:12)
  4 wyverns
  18 yaks
  A shadow (D:15)
  A basilisk (Lair:2)
  A hog (D:14)
  Eustachio (D:6)
  9 vampire mosquitoes
  Edmund (D:6)
  4 hungry ghosts
  63 nagas
  2 wargs (Orc:2)
  An acid dragon (D:13)
  17 water moccasins
  17 porcupines
  Duvessa (D:6)
  3 phantoms
  3 ice beasts
  33 orc warriors
  2 sky beasts
  2 hornet zombies (D:7)
  7 black bears
  3 necrophages (D:7)
  10 ogres
  16 wolves
  19 centaurs
  18 crocodiles
  8 big kobolds
  18 bullfrogs
  Dowan (D:6)
  A wyvern zombie (D:10)
  2 wyvern skeletons
  3 killer bees (D:10)
  7 wights
  3 scorpions
  2 howler monkeys
  An electric eel (Lair:4)
  7 crimson imps
  4 centaur zombies
  2 bullfrog zombies
  3 bullfrog skeletons
  22 orc priests
  4 hounds
  2 jellies
  6 centaur skeletons
  28 orc wizards
  10 worker ants
  3 hound zombies (D:7)
  A hound skeleton (D:9)
  2 worker ant zombies
  13 adders
  4 shadow imps
  2 oozes
  4 adder skeletons
  An adder zombie (D:8)
  4 worms
  3 dart slugs
  2 leopard geckos
  89 orcs
  2 ball pythons
  5 bats
  6 giant cockroaches
  19 goblins
  9 hobgoblins
  15 jackals
  36 kobolds
  5 quokkas
  4 frilled lizards
  3 leopard gecko skeletons
  A quokka skeleton (D:5)
  A quokka zombie (D:7)
  8 rats
  A plant (Lair:2)
993 creatures vanquished.

Vanquished Creatures (collateral kills)
  An orc warlord (Orc:2)
  A dire elephant (Lair:6)
  A naga warrior (Snake:3)
  A death yak (Lair:6)
  An orc high priest (Orc:2)
  2 naga sharpshooters (Snake:4)
  A mana viper (Snake:3)
  A black mamba (Snake:3)
  2 nagas (Snake:4)
  3 orc warriors (Orc:2)
  3 orc wizards (Orc:2)
  An orc (Orc:2)
18 creatures vanquished.

Vanquished Creatures (others)
  A naga (Snake:4)
  An orc wizard (Orc:1)
  An orc (Orc:2)
  2 bushes (D:7)
  8 fungi
  14 plants
27 creatures vanquished.

Grand Total: 1038 creatures vanquished

Notes
Turn   | Place    | Note
-------+----------+-------------------------------------------
     0 | D:1      | xccam the Draconian Berserker began the quest for the Orb.
     0 | D:1      | Reached XP level 1. HP: 19/19 MP: 1/1
    61 | D:1      | Reached XP level 2. HP: 13/26 MP: 2/2
   252 | D:1      | Reached XP level 3. HP: 17/31 MP: 3/3
   765 | D:2      | Reached ** piety under Trog
  1035 | D:2      | Reached XP level 4. HP: 35/38 MP: 4/4
  1094 | D:2      | Reached skill level 5 in Maces & Flails
  1230 | D:2      | Found a glowing golden altar of the Shining One.
  1801 | D:3      | Reached *** piety under Trog
  1908 | D:3      | Found a glowing silver altar of Zin.
  2205 | D:4      | Reached XP level 5. HP: 45/45 MP: 5/5
  2277 | D:4      | Found a staircase to the Ecumenical Temple.
  2570 | D:4      | Noticed a phantom
  2593 | D:4      | Killed a phantom
  2593 | D:4      | Reached XP level 6. HP: 50/51 MP: 6/6
  2639 | D:4      | Noticed a hippogriff
  2667 | D:4      | Killed a hippogriff
  2667 | D:4      | Your scales start taking on a lurid green colour.
  2667 | D:4      | Reached XP level 7. HP: 19/57 MP: 7/7
  2667 | D:4      | Gained mutation: Your system is resistant to poisons. (rPois) [Green Draconian growth]
  3086 | D:5      | Entered Level 5 of the Dungeon
  3406 | D:5      | Found a basalt altar of Yredelemnul.
  4058 | D:6      | Noticed Eustachio
  4078 | D:6      | Killed Eustachio
  4087 | D:6      | Noticed Edmund
  4111 | D:6      | Reached XP level 8. HP: 60/63 MP: 8/8
  4134 | D:6      | Killed Edmund
  4134 | D:6      | Reached skill level 10 in Maces & Flails
  4226 | D:6      | Found Rupem's Antique Weapon Shop.
  4273 | D:6      | Noticed Duvessa
  4274 | D:6      | Noticed Dowan
  4290 | D:6      | Killed Duvessa
  4294 | D:6      | Killed Dowan
  4637 | D:6      | Found a shadowy altar of Dithmenos.
  4646 | D:6      | Reached **** piety under Trog
  4818 | D:6      | Noticed a moth of wrath
  4821 | D:6      | Found a bloodstained altar of Trog.
  4826 | D:6      | Received a gift from Trog
  5078 | D:7      | Found a blossoming altar of Fedhas.
  5305 | D:7      | Noticed Lapis's ghost (novice NaEE)
  5334 | D:7      | Killed Lapis's ghost
  5334 | D:7      | Reached XP level 9. HP: 66/70 MP: 9/9
  5526 | D:7      | Reached skill level 5 in Fighting
  6270 | D:7      | Reached skill level 6 in Fighting
  6270 | D:7      | Reached skill level 5 in Dodging
  6322 | D:8      | Noticed a two-headed ogre
  6344 | D:8      | Killed a two-headed ogre
  6344 | D:8      | Reached XP level 10. HP: 65/84 MP: 10/10
  6488 | D:8      | Reached skill level 1 in Shields
  6498 | D:8      | Found a sacrificial altar of Ru.
  6783 | D:8      | Found a shimmering altar of Xom.
  6951 | D:8      | Found a deep blue altar of Sif Muna.
  7063 | D:9      | Found an ornate altar of the Wu Jian Council.
  7389 | D:9      | Found a staircase to the Lair.
  7621 | D:9      | Noticed a centaur warrior
  7639 | D:9      | Killed a centaur warrior
  7639 | D:9      | Reached skill level 5 in Shields
  7756 | D:9      | Found a staircase to the Orcish Mines.
  7773 | D:10     | Entered Level 10 of the Dungeon
  7829 | D:10     | Noticed a cyclops
  7832 | D:10     | Found the +8 storm bow {elec}
  7832 | D:10     | Noticed a cyclops
  7834 | D:10     | Noticed a manticore
  7893 | D:10     | Noticed a manticore
  7929 | D:10     | Killed a cyclops
  7940 | D:10     | Killed a manticore
  7951 | D:10     | Noticed Urug
  7961 | D:10     | Killed Urug
  7961 | D:10     | Reached skill level 7 in Fighting
  7961 | D:10     | Reached XP level 11. HP: 92/92 MP: 11/11
  7970 | D:10     | Noticed Autsider's ghost (journeyman DrCj)
  8263 | D:10     | Killed Autsider's ghost
  8734 | D:10     | Noticed a red ugly thing
  8748 | D:10     | Killed a red ugly thing
  8748 | D:10     | Reached skill level 8 in Fighting
  9217 | Lair:1   | Entered Level 1 of the Lair of Beasts
  9281 | Lair:1   | Reached ***** piety under Trog
  9934 | Lair:1   | Reached skill level 9 in Fighting
 10515 | Lair:2   | Reached skill level 10 in Shields
 10526 | Lair:2   | Reached XP level 12. HP: 100/105 MP: 12/12
 10647 | Lair:2   | Found a staircase to the Snake Pit.
 11448 | Lair:3   | Noticed Rupert
 11459 | Lair:3   | Received a gift from Trog
 11459 | Lair:3   | Reached skill level 10 in Fighting
 11471 | Lair:3   | Killed Rupert
 11657 | Lair:3   | Found a staircase to the Shoals.
 13543 | Lair:5   | Gained mutation: You are robust. (+10% HP) [potion of mutation]
 13543 | Lair:5   | Gained mutation: You are very robust. (+20% HP) [potion of mutation]
 13593 | Lair:5   | Noticed an eight-headed hydra
 13606 | Lair:5   | Reached skill level 11 in Fighting
 13610 | Lair:5   | Killed an eight-headed hydra
 14364 | Lair:5   | Noticed Curus's ghost (journeyman MfGl)
 14425 | Lair:5   | Killed Curus's ghost
 14425 | Lair:5   | Received a gift from Trog
 14425 | Lair:5   | Reached XP level 13. HP: 33/139 MP: 13/13
 14690 | Lair:6   | Entered Level 6 of the Lair of Beasts
 14924 | Lair:6   | Found a staircase to the Slime Pits.
 14951 | Lair:6   | Reached skill level 10 in Dodging
 15593 | Lair:6   | Reached skill level 12 in Fighting
 15986 | Lair:6   | Noticed a dire elephant
 16069 | Lair:6   | Killed a dire elephant
 17074 | Lair:6   | Received a gift from Trog
 17420 | D:11     | Reached skill level 13 in Fighting
 17594 | D:11     | Noticed tidbits's ghost (novice GnTm)
 17623 | D:11     | Killed tidbits's ghost
 17944 | D:11     | Noticed Snorg
 17954 | D:11     | Gained mutation: Your tail ends in a poisonous barb. [Green Draconian growth]
 17954 | D:11     | Reached XP level 14. HP: 148/154 MP: 14/14
 17991 | D:11     | Killed Snorg
 18305 | D:12     | Noticed Harold
 18337 | D:12     | Killed Harold
 19310 | D:13     | Received a gift from Trog
 20875 | D:14     | Reached skill level 14 in Fighting
 21245 | Orc:1    | Entered Level 1 of the Orcish Mines
 21317 | Orc:1    | Found a roughly hewn altar of Beogh.
 21332 | Orc:1    | Noticed Josephine
 21358 | Orc:1    | Killed Josephine
 21861 | Orc:1    | Noticed an orc warlord
 21926 | Orc:1    | Killed an orc warlord
 22082 | Orc:1    | Received a gift from Trog
 22435 | Orc:2    | Entered Level 2 of the Orcish Mines
 22518 | Orc:2    | Found a staircase to the Elven Halls.
 22576 | Orc:2    | Noticed Nessos
 22595 | Orc:2    | Killed Nessos
 22879 | Orc:2    | Found a radiant altar of Vehumet.
 22988 | Orc:2    | Found Votua's Jewellery Boutique.
 23073 | Orc:2    | Found a roughly hewn altar of Beogh.
 23436 | Orc:2    | Noticed Saint Roka
 23649 | Orc:2    | Killed Saint Roka
 23967 | Orc:2    | Reached XP level 15. HP: 135/166 MP: 15/15
 24004 | Orc:2    | Noticed an orc warlord
 24023 | Orc:2    | Killed an orc warlord
 24672 | Orc:2    | Found Keopaont's Antique Armour Boutique.
 24673 | Orc:2    | Found Raitegg's Antique Weapon Shop.
 24674 | Orc:2    | Found Esioschoa's General Store.
 24674 | Orc:2    | Found Goikheam's Jewellery Boutique.
 25039 | Orc:2    | Paralysed by an orc sorcerer for 5 turns
 25242 | Snake:1  | Entered Level 1 of the Snake Pit
 25261 | Snake:1  | Received a gift from Trog
 25736 | Snake:1  | Reached skill level 15 in Fighting
 27361 | Snake:2  | Reached skill level 15 in Shields
 30221 | Snake:3  | Reached XP level 16. HP: 126/181 MP: 11/16
 30234 | Snake:3  | Reached skill level 16 in Fighting
 31146 | Snake:4  | Entered Level 4 of the Snake Pit
 33907 | Snake:4  | Received a gift from Trog
 33908 | Snake:4  | Got a scorched morningstar {god gift}
 33909 | Snake:4  | Identified the +1 morningstar of the Nexus {crush, rC+ Dex+3} (Trog gifted it to you on level 4 of the Snake Pit)
 35171 | Snake:4  | Reached skill level 17 in Fighting
 35171 | Snake:4  | Reached skill level 15 in Dodging
 35775 | Snake:4  | Got a serpentine rune of Zot
 36414 | D:14     | Found a gate to the Vaults.
 36609 | D:14     | Noticed Kirke
 36645 | D:14     | Killed Kirke
 36645 | D:14     | Reached XP level 17. HP: 193/193 MP: 17/17
 36921 | D:15     | Entered Level 15 of the Dungeon
 36931 | D:15     | Noticed Sonja
 36953 | D:15     | Killed Sonja
 36953 | D:15     | Received a gift from Trog
 37554 | D:15     | Found a staircase to the Depths.
 38383 | Shoals:1 | Entered Level 1 of the Shoals
 38895 | Shoals:1 | Found an iron altar of Okawaru.
 38997 | Shoals:1 | Received a gift from Trog
 39685 | Shoals:2 | Reached skill level 18 in Fighting
 40260 | Shoals:2 | HP: 2/195 [faun/stone (21)]
 40263 | Shoals:2 | Slain by a faun

Skill      XL: |  1  2  3  4  5  6  7  8  9 10 11 12 13 14 15 16 17 |
---------------+----------------------------------------------------+-----
Maces & Flails | 4 5 6 8 9 12 | 12.6
Dodging        | 5 8 9 11 12 13 15 16 | 16.7
Fighting       | 6 7 9 11 13 14 15 17 18 | 18.0
Shields        | 8 10 11 12 14 15 16 | 16.0

Action                   |  1- 3 |  4- 6 |  7- 9 | 10-12 | 13-15 | 16-18 || total
-------------------------+-------+-------+-------+-------+-------+-------++-------
Melee: Mace              |   113 |    73 |       |       |       |       ||   186
       Tailslap          |    14 |    19 |    86 |   309 |   911 |   495 ||  1834
       Whip              |       |   135 |   469 |  1461 |  4426 |  1715 ||  8206
       Morningstar       |       |       |       |       |       |   480 ||   480
Invok: Trog's Hand       |       |     2 |     2 |     4 |    23 |    18 ||    49
       Berserk           |       |       |     4 |     6 |    17 |    11 ||    38
       Burn Spellbooks   |       |       |     1 |       |     6 |     1 ||     8
       Brothers in Arms  |       |       |       |       |     3 |     2 ||     5
 Abil: Breathe Noxious F |       |       |     7 |    20 |    33 |     8 ||    68
Evoke: Wand              |       |       |       |     3 |     3 |     2 ||     8
  Use: Potion            |     2 |     6 |     3 |     7 |    10 |     5 ||    33
       Scroll            |     1 |     5 |     3 |    12 |    11 |     6 ||    38
 Stab: Confused          |       |       |     5 |    23 |    28 |     4 ||    60
       Sleeping          |       |       |     1 |     5 |       |     1 ||     7
       Distracted        |       |       |       |     1 |       |       ||     1
       Petrified         |       |       |       |       |    20 |       ||    20
       Petrifying        |       |       |       |       |     2 |       ||     2
  Eat: Chunk             |       |     4 |    15 |    20 |    35 |    15 ||    89
       Ration            |       |     2 |     1 |     6 |    16 |    11 ||    36
Armor: Skin              |    44 |    65 |    79 |   201 |   402 |   244 ||  1035
Dodge: Dodged            |    96 |   117 |   149 |   354 |  1336 |  1083 ||  3135
Block: Large shield      |       |       |       |   855 |  2532 |   578 ||  3965
       Shield            |       |       |       |       |   305 |   772 ||  1077
